 Dungeon Crawl Stone Soup version 0.31-a0-844-gdc52ec4e09 (webtiles) character file.

Game seed: 9085449775178446755

41 Bravepunisher the Ducker (level 3, -1/20 HPs)
             Began as a Spriggan Monk on Sept 28, 2023.
             Slain by an orc
             ... wielding a +0 falchion
              (6 damage)
             ... on level 6 of the Dungeon.
             The game lasted 00:04:52 (1104 turns).

Bravepunisher the Ducker (Spriggan Monk)            Turns: 1104, Time: 00:04:53

Health: -1/20      AC:  2    Str:  7    XL:     3   Next: 32%
Magic:  4/4        EV: 19    Int: 11    God:
Gold:   40         SH:  0    Dex: 19    Spells: 2/2 levels left

rFire   . . .        a - +0 short sword
rCold   . . .        (no shield)
rNeg    . . .        b - +0 robe
rPois   .            (helmet restricted)
rElec   .            (no cloak)
rCorr   .            (gloves unavailable)
SInv    +            (boots unavailable)
Will    +....        (no amulet)
Stlth   ++           (no ring)
HPRegen 0.23/turn    (no ring)
MPRegen 0.09/turn

%: no passive effects
@: mighty, enlightened, flying, very quick
A: very small, no large weapons, unfitting armour, see invisible, speed 3
a: no special abilities


You were on level 6 of the Dungeon.
You visited 1 branch of the dungeon, and saw 6 of its levels.

You collected 40 gold pieces.

Inventory:

Hand Weapons
 a - a +0 short sword (weapon)
Armour
 b - a +0 robe (worn)
Jewellery
 k - an amulet of the acrobat
Scrolls
 d - 2 scrolls of teleportation {unknown}
 e - 4 scrolls of identify {unknown}
 f - a scroll of amnesia {unknown}
 h - a scroll of blinking {unknown}
 i - a scroll of fear {unknown}
Potions
 c - a potion of ambrosia


   Skills:
 * Level 3.3 Fighting
 - Level 3.2 Short Blades
 + Level 4.7 Dodging


You had 2 spell levels left.
You didn't know any spells.
Your spell library was empty.

Dungeon Overview and Level Annotations

Branches:
Dungeon (6/15)             Temple (0/1) D:6

Altars:
Fedhas
Gozag


Innate Abilities, Weirdness & Mutations

You are very small and have problems with some larger weapons.
You are too small for most types of armour.
You have supernaturally acute eyesight. (SInv)
You cover ground extremely quickly. (Speed+++)


Message History

The orc shouts!
Found a staircase to the Ecumenical Temple.
An orc comes into view. It is wielding a +0 hand axe.
The orc shouts!
Found a book of Dreams.
The jelly quivers.
Found a dented copper amulet.
k - an amulet of the acrobat You start waiting.
An orc is nearby!
A gnoll comes into view. It is wielding a +0 flail.
The gnoll shouts!
You hear a shout!
A gnoll comes into view. It is wielding a +0 spear.
A gnoll comes into view. It is wielding a +1 whip of venom.
A steam dragon comes into view.
Found a dagger.
The steam dragon hisses angrily.
The orc completely misses you.
You hit the orc.
The orc is heavily wounded.
The orc hits you but does no damage.
You hit the orc.
The orc is almost dead.
The orc hits you with a +0 hand axe.
You hit the orc.
You kill the orc!
You hit the orc.
The orc is almost dead.
The orc misses you.
It was a potion of enlightenment.
You feel very buoyant.
You fly up into the air.
The orc priest invokes the aid of Beogh against you.
Beogh smites you!
Ouch! That really hurt!
* * * LOW HITPOINT WARNING * * *
It was a potion of might.
You feel very mighty all of a sudden. The orc priest misses you.
The orc hits you with a +0 falchion.
You die...

#...#....##..
#.... ###.# ..# #.
#.o.. #.# ...
..... #)# .#..
..... #o# ..##
..... #.# #.
.#.... #g# #.##
#.#.... #o# ..#
#..###.. #@#
#.##..# #..
#o#####..#.# #..
#.#........# #..
#..........# #..
#.<.......## #.#
#..........#####..
#............##...
#.........##....##
#.........#######


You could see an orc priest, a gnoll and 2 orcs.

Vanquished Creatures
  2 adders
  A dart slug (D:3)
  2 orcs
  3 bats
  2 endoplasms
  A giant cockroach (D:3)
  2 goblins (D:4)
  2 hobgoblins
  A ball python (D:4)
  A rat (D:3)
17 creatures vanquished.

Notes
Turn   | Place    | Note
-------+----------+-------------------------------------------
     0 | D:1      | Bravepunisher the Spriggan Monk began the quest for the
                  | Orb.
     0 | D:1      | Reached XP level 1. HP: 11/11 MP: 2/2
   261 | D:3      | Reached XP level 2. HP: 16/16 MP: 3/3
   443 | D:5      | Entered Level 5 of the Dungeon
   537 | D:4      | Reached XP level 3. HP: 16/20 MP: 4/4
   666 | D:4      | Found a blossoming altar of Fedhas.
   867 | D:5      | Found an opulent altar of Gozag.
  1051 | D:6      | Found a staircase to the Ecumenical Temple.
  1071 | D:6      | Noticed a steam dragon
  1104 | D:6      | Slain by an orc

Illustrated notes

Levels and vault maps discovered:
D:1:      psy_arrival_heroes, layout_loops_cross, dk_noncrumbling_4
D:2:      layout_loops_corners, basic_altar
D:3:      layout_basic, zin_treasury, minmay_pentomino_pile
D:4:      layout_basic, amcnicky_altar_gilded
D:5:      layout_cave_pods, general_overflow_altar, portal_sewer_entry_e
D:6:      layout_rooms, kennysheep_mini, minmay_temple_entry_slanted,
          minivault_1, nicolae_shop_clearance, uniq_duvessa

Skill      XL: |  1  2 |
---------------+-------+-----
Fighting       | 3 |  3.3
Short Blades   | |  3.2
Dodging        | |  4.7

Action                     || total
---------------------------++-------
  Melee: Short sword       ||    84
         Punch             ||     1
    Use: Potion            ||     2
   Stab: Sleeping          ||     1
 Armour: Robe              ||    24
  Dodge: Dodged            ||    73

Table legend: (Time is in decaauts)
 A = Elapsed time spent in this place.
 B = Non-inter-level travel time spent in this place.
 C = Inter-level travel time spent in this place.
 D = Time resting spent in this place.
 E = Time spent auto-exploring this place.
 F = Levels seen in this place.
 G = Mean time per level.
                   A        B        C        D        E       F      G
               +--------+--------+--------+--------+--------+-----+--------+
         Total |    742 |    742 |      0 |      3 |    253 |   6 |  123.7 |
       Dungeon |    742 |    742 |      0 |      3 |    253 |   6 |  123.7 |
               +--------+--------+--------+--------+--------+-----+--------+

Top non-repeatable levels by time:
     D:4: 206 daAuts
     D:3: 151 daAuts
     D:5: 149 daAuts
     D:6: 109 daAuts
     D:1: 92 daAuts
     D:2: 33 daAuts
